 Dungeon Crawl Stone Soup version 0.23.2-1-ga50397a (webtiles) character file.

Game seed: 12443676798246998078

63529 Gazerockf the Peltast (level 15, 0/103 HPs)
             Began as a Gargoyle Fighter on May 1, 2019.
             Was the Champion of the Shining One.
             Slain by an alligator (14 damage)
             ... on level 1 of the Swamp.
             The game lasted 01:44:19 (15952 turns).

Gazerockf the Peltast (Gargoyle Fighter)           Turns: 15952, Time: 01:44:20

Health: 0/103      AC: 29    Str: 31    XL:     15   Next: 10%
Magic:  12/15      EV: 10    Int: 10    God:    the Shining One [******]
Gold:   1592       SH: 23    Dex: 10    Spells: 14/14 levels left

rFire    + . .     SeeInvis .   m - +5 double sword (elec)
rCold    . . .     Gourm    .   c - +2 shield
rNeg     + + +     Faith    +   L - +2 scale mail "Pais Ycoija" {Str+7}
rPois    ∞         Spirit   .   v - +2 hat
rElec    +         Reflect  .   q - scarf {repulsion}
rCorr    .         Harm     .   D - +0 pair of gloves
MR       +....                  k - +2 pair of boots
Stlth    ..........             F - amulet of faith
HPRegen  0.27/turn              Y - +4 ring of slaying
MPRegen  0.14/turn              P - ring of protection from fire

@: divine shield, marked, glowing, repel missiles
A: big wings, negative energy resistance 1, electricity resistance, unbreathing,
petrification resistance, rot immunity, AC +11
a: Fly, Divine Shield, Cleansing Flame, Summon Divine Warrior, Brand Weapon With
Holy Wrath, Renounce Religion


You were on level 1 of the Swamp.
You worshipped the Shining One.
The Shining One was exalted by your worship.
You were not hungry.

You visited 4 branches of the dungeon, and saw 19 of its levels.
You also visited: Sewer and Bailey.

You collected 1667 gold pieces.
You spent 75 gold pieces at shops.

Inventory:

Hand Weapons
 m - a +5 double sword of electrocution (weapon)
 S - the cursed +1 demon blade of the Head {venom, rElec Dex+2 SInv}
   (You found it on level 9 of the Dungeon)

   It poisons the flesh of those it strikes.
   It affects your dexterity (+2).
   It insulates you from electricity.
   It lets you see invisible.
   It has a curse placed upon it.
   The Shining One disapproves of the use of such an item.
 U - the +8 quarterstaff of Cheibriados {crush, Stlth+}
   (You found it on level 9 of the Dungeon)

   It inflicts extra damage upon your enemies.
   It makes you more stealthy.
 W - a +3 great sword of freezing
Armour
 c - a +2 shield (worn)
 k - a +2 pair of boots (worn)
 q - a scarf of repulsion (worn)
 v - a +2 hat (worn)
 D - a +0 pair of gloves (worn)
 I - a +4 troll leather armour {Purgy}
 J - a +0 pair of gloves
 L - the +2 scale mail "Pais Ycoija" (worn) {Str+7}
   (You found it on level 7 of the Dungeon)

   It affects your strength (+7).
Jewellery
 z - an uncursed ring of poison resistance {unknown}
 F - an amulet of faith (around neck)
 G - a +2 ring of dexterity {unknown}
 P - a ring of protection from fire (right hand)
 R - an uncursed ring of see invisible
 Y - a +4 ring of slaying (left hand)
Wands
 d - a wand of polymorph (6)
 o - a wand of flame (19)
 w - a wand of iceblast (18)
 y - a wand of digging (5)
 A - a wand of paralysis (11)
 B - a wand of enslavement (8)
 E - a wand of acid (16)
Scrolls
 h - 3 scrolls of fog
 t - 2 scrolls of blinking
 u - 3 scrolls of magic mapping
 x - 7 scrolls of teleportation
 N - 7 scrolls of remove curse
 Q - a scroll of silence
 Z - a scroll of holy word
Potions
 e - 5 potions of brilliance
 g - 4 potions of lignification
 i - 6 potions of curing
 j - 7 potions of heal wounds
 l - 3 potions of flight {unknown}
 n - a potion of mutation {unknown}
 r - 2 potions of agility
 s - a potion of haste {unknown}
 C - 5 potions of resistance {unknown}
 H - 2 potions of berserk rage {unknown}
 M - a potion of cancellation {unknown}
 O - 4 potions of degeneration {unknown}
Miscellaneous
 b - a phantom mirror
 p - 2 boxes of beasts
 K - a fan of gales
 T - a lamp of fire
 X - a lightning rod (4/4)
Comestibles
 a - 2 chunks of flesh
 f - 42 rations


   Skills:
 - Level 15.0 Fighting
 - Level 12.0 Long Blades
 * Level 12.9 Armour
 - Level 15.0 Shields


You had 14 spell levels left.
You didn't know any spells.
Your spell library contained the following spells:

 Spells                   Type           Power        Failure   Level  Hunger
 Beastly Appendage        Tmut           #.....       54%         1    ##.....
 Summon Small Mammal      Summ           #...         54%         1    ##.....
 Call Imp                 Summ           #.......     67%         2    ###....
 Sticks to Snakes         Tmut           #.......     67%         2    ###....
 Call Canine Familiar     Summ           #.......     88%         3    ####...
 Spider Form              Tmut/Pois      #.........   88%         3    ####...
 Summon Guardian Golem    Hex/Summ       #.......     88%         3    ####...
 Ice Form                 Ice/Tmut       #.......     99%         4    #####..
 Summon Ice Beast         Ice/Summ       #.......     99%         4    #####..
 Summon Lightning Spire   Summ/Air       #.......     99%         4    #####..
 Blade Hands              Tmut           #.........   100%        5    ######.
 Bolt of Magma            Conj/Fire/Erth #.........   100%        5    ######.
 Iskenderun's Battlesphe  Conj/Chrm      #.......     100%        5    ######.
 Silence                  Hex/Air        #.........   100%        5    ######.
 Venom Bolt               Conj/Pois      #.........   100%        5    ######.
 Conjure Ball Lightning   Conj/Air       #.........   100%        6    #######
 Deflect Missiles         Chrm/Air       #.........   100%        6    #######
 Iron Shot                Conj/Erth      #.........   100%        6    #######
 Orb of Destruction       Conj           #.........   100%        7    #######
 Spellforged Servitor     Conj/Summ      #.........   100%        7    #######
 Tornado                  Air            #.........   100%        9    #######


Dungeon Overview and Level Annotations

Branches:
Dungeon (11/15)            Temple (1/1) D:5            Lair (6/6) D:11
  Swamp (1/4) Lair:2       Spider (0/4) Lair:2        Slime (0/5) Lair:6
    Orc: D:9-12

Altars:
Ashenzari
Cheibriados
Dithmenos
Elyvilon
Fedhas
Gozag
Makhleb
Nemelex Xobeh
Okawaru
Qazlal
Ru
Sif Muna
Trog
Uskayaw
Wu Jian
Xom
Yredelemnul
Zin
The Shining One
Jiyva

Shops:
D:4 }?*

Annotations:
D:7 3 runed translucent doors, diana's ghost, novice MfGl


Innate Abilities, Weirdness & Mutations

You are resistant to torment.
Your stone body is resilient. (AC +11)
You are immune to poison.
Your large and strong wings let you fly indefinitely.
You resist negative energy. (rN+)
You are resistant to electric shocks. (rElec)
You can survive without breathing.
You are immune to petrification.
You are immune to rotting.


Message History

You block the alligator's attack. The alligator tail-slaps you.
You block the alligator's attack. The alligator tail-slaps you.
* * * LOW HITPOINT WARNING * * *
You block the tyrant leech's attack. The alligator bites you!
* * * LOW HITPOINT WARNING * * *
The alligator tail-slaps you!
* * * LOW HITPOINT WARNING * * *
You feel much better. You block the alligator's attack. x2
The alligator closely misses you. x2
The alligator bites you but does no damage.
The alligator barely misses you.
The tyrant leech bites you but does no damage.
The alligator bites you!
* * * LOW HITPOINT WARNING * * *
You block the alligator's attack. The alligator bites you!
* * * LOW HITPOINT WARNING * * *
The alligator barely misses you.
You can't go up here!
The alligator bites you!
You die...

≈≈♣≈≈♣... ♣≈.≈≈≈.≈≈≈
♣♣.♣≈♣.≈♣♣♣♣♣♣.≈≈≈...
♣..≈≈≈..♣≈...♣♣...≈♣≈
♣≈..≈..♣§..≈..♣♣♣≈...
♣≈.≈≈≈≈≈≈...≈♣..≈.
♣...≈≈≈≈≈.....≈≈≈
♣♣.≈≈..≈≈≈≈≈...≈≈≈
♣.t≈≈≈.≈≈≈≈≈....≈≈
♣@w....†...=.≈≈.♣♣
♣tt........≈≈≈..≈♣
♣D.♣≈F≈≈≈..≈≈≈....
♣.≈♣♣≈≈≈.$.≈≈≈≈≈§.
♣.$.♣.≈.♣....≈≈≈≈.
≈..≈..........≈≈≈.
..≈≈≈...≈.....≈≈≈.
≈.≈≈≈....≈.≈.≈≈≈≈.


You could see 3 alligators, a seven-headed hydra, a tyrant leech and a spiny
frog.

Vanquished Creatures
  Gastronok (D:10)
  Kirke (Lair:6)
  The ghost of RatmanManrat the Spry, a journeyman MiBe of Trog (Lair:5)
  A dire elephant (Lair:6)
  Snorg (D:10)
  A fire dragon (Lair:6)
  A hydra (Lair:5)
  A catoblepas (Lair:3)
  An alligator (Swamp:1)
  A two-headed ogre (D:11)
  7 death yaks
  An unseen horror (D:11)
  2 swamp dragons (Swamp:1)
  2 lindwurms (Lair:6)
  A deep elf mage (D:9)
  Maurice (D:10)
  2 molten gargoyles (Lair:3)
  5 torpor snails (Lair:6)
  Psyche (D:8)
  A gargoyle (D:11)
  7 black mambas
  9 spiny frogs
  A rime drake (Lair:6)
  A komodo dragon (Lair:4)
  2 trolls (D:11)
  The ghost of RatmanManrat the Basher, an amateur MiBe of Trog (D:4)
  7 hornets
  10 polar bears
  A jumping spider (Lair:2)
  4 tyrant leeches
  19 blink frogs
  11 dream sheep (Lair:6)
  4 raiju (Lair:6)
  8 hippogriffs
  A redback (Lair:2)
  A shadow (Swamp:1)
  2 wraiths (D:10)
  2 basilisks (Lair:1)
  3 hogs (Lair:6)
  49 yaks
  A spriggan (Lair:4)
  A human (D:8)
  2 wyverns
  2 hungry ghosts
  3 swamp worms (Swamp:1)
  A soldier ant (D:10)
  4 wargs (Lair:6)
  An acid dragon (D:11)
  13 water moccasins
  13 hell hounds (Lair:6)
  8 porcupines
  12 black bears
  Purgy (Sewer)
  7 orc warriors
  2 swamp drakes (Swamp:1)
  3 sky beasts
  2 ogres
  8 centaurs
  58 wolves
  7 crocodiles
  2 big kobolds
  16 bullfrogs
  5 scorpions
  3 wights (D:10)
  An electric eel (Lair:2)
  3 howler monkeys
  4 crimson imps
  10 hounds
  A quasit (D:8)
  2 centaur zombies (D:11)
  5 lava snakes (Lair:3)
  2 jellies
  9 orc wizards
  A bullfrog skeleton (D:8)
  5 orc priests
  2 centaur skeletons
  Jessica (D:3)
  6 worker ants
  A hound zombie (D:9)
  4 gnolls (D:2)
  A howler monkey skeleton (D:4)
  11 adders
  5 river rats
  2 shadow imps
  An ooze (D:1)
  3 adder zombies
  3 worms
  3 dart slugs
  7 leopard geckos
  44 orcs
  4 ball pythons
  9 bats
  8 giant cockroaches
  11 goblins
  13 hobgoblins
  11 jackals
  20 kobolds
  7 quokkas
  13 frilled lizards
  A jackal zombie (D:10)
  A leopard gecko zombie (D:8)
  A quokka skeleton (D:4)
  12 rats
  A bush (Lair:1)
  4 plants (Lair:6)
604 creatures vanquished.

Vanquished Creatures (others)
  3 humans
  A swamp worm (Swamp:1)
  2 fungi (Lair:6)
  13 plants (Lair:6)
19 creatures vanquished.

Grand Total: 623 creatures vanquished

Notes
Turn   | Place    | Note
-------+----------+-------------------------------------------
     0 | D:1      | Gazerockf the Gargoyle Fighter began the quest for the Orb.
     0 | D:1      | Reached XP level 1. HP: 14/14 MP: 1/1
    83 | D:1      | Reached XP level 2. HP: 19/20 MP: 2/2
   304 | D:1      | Reached XP level 3. HP: 24/24 MP: 3/3
   919 | D:2      | Reached XP level 4. HP: 30/30 MP: 4/4
   926 | D:2      | Reached skill level 5 in Fighting
  1216 | D:2      | Reached XP level 5. HP: 31/35 MP: 5/5
  1431 | D:2      | Noticed an angel
  1434 | D:2      | Found a shimmering altar of Xom.
  1436 | D:2      | Found a glowing silver altar of Zin.
  1848 | D:3      | Reached XP level 6. HP: 38/40 MP: 6/6
  1974 | D:3      | Found an ornate altar of the Wu Jian Council.
  2137 | D:3      | Noticed Jessica
  2151 | D:3      | Killed Jessica
  2293 | D:4      | Found Sureofip's Gadget Emporium.
  2435 | D:4      | Found Liocho's Magic Scroll Shop.
  2449 | D:4      | Found Gidarch's Assorted Antiques.
  2463 | D:4      | Reached skill level 5 in Long Blades
  2492 | D:4      | Bought a scroll labeled ZIGEAR FIMY for 25 gold pieces
  2492 | D:4      | Bought a scroll labeled SENTAL NAYMACUO for 25 gold pieces
  2492 | D:4      | Bought a scroll labeled SENTAL NAYMACUO for 25 gold pieces
  2608 | D:4      | Found a white marble altar of Elyvilon.
  2646 | D:4      | Became a worshipper of Elyvilon the Healer
  2685 | D:4      | Found a runed translucent door.
  2686 | D:4      | Noticed RatmanManrat's ghost (amateur MiBe)
  2701 | D:4      | Killed RatmanManrat's ghost
  2701 | D:4      | Reached XP level 7. HP: 36/44 MP: 7/7
  2710 | D:4      | Found a runed translucent door.
  3007 | D:4      | Found a stormy altar of Qazlal.
  3051 | D:5      | Entered Level 5 of the Dungeon
  3182 | D:5      | Found a staircase to the Ecumenical Temple.
  3188 | D:5      | Reached * piety under Elyvilon
  3214 | Temple   | Entered the Ecumenical Temple
  3239 | Temple   | Fell from the grace of Elyvilon
  3239 | Temple   | Became a worshipper of the Shining One
  3356 | D:5      | Reached XP level 8. HP: 37/49 MP: 8/8
  3696 | D:6      | Found an opulent altar of Gozag.
  3709 | D:6      | Found a snail-covered altar of Cheibriados.
  4008 | D:6      | Found a glowing drain.
  4022 | Sewer    | Entered a sewer
  4081 | Sewer    | Noticed Purgy
  4083 | Sewer    | Killed Purgy
  4243 | D:6      | Reached XP level 9. HP: 47/54 MP: 9/9
  4432 | D:6      | Found a deep blue altar of Sif Muna.
  4432 | D:6      | Found a bloodstained altar of Trog.
  4490 | D:7      | Reached * piety under the Shining One
  4580 | D:7      | Got a crude scale mail
  4593 | D:7      | Reached skill level 10 in Long Blades
  4712 | D:7      | Found an iron altar of Okawaru.
  4721 | D:7      | Found a runed translucent gate.
  4722 | D:7      | Found a runed translucent gate.
  4722 | D:7      | Found a runed translucent gate.
  4726 | D:7      | Noticed diana's ghost (novice MfGl)
  4728 | D:7      | Noticed a white ugly thing
  4858 | D:8      | Noticed Psyche
  4874 | D:8      | Killed Psyche
  4976 | D:8      | Reached ** piety under the Shining One
  4991 | D:8      | Noticed a hornet
  4997 | D:8      | Killed a hornet
  5206 | D:8      | Reached XP level 10. HP: 59/59 MP: 10/10
  5474 | D:9      | Reached skill level 5 in Shields
  5533 | D:9      | Got a transparent demon blade
  5535 | D:9      | Identified the cursed +1 demon blade of the Head {venom,
                  | rElec Dex+2 SInv} (You found it on level 9 of the Dungeon)
  5566 | D:9      | Noticed a deep elf mage
  5571 | D:9      | Killed a deep elf mage
  5584 | D:9      | Found a shadowy altar of Dithmenos.
  5658 | D:9      | Found a shattered altar of Ashenzari.
  5794 | D:9      | Found a hide-covered altar of Uskayaw.
  5799 | D:9      | Got a steaming quarterstaff
  6154 | D:10     | Entered Level 10 of the Dungeon
  6168 | D:10     | Reached *** piety under the Shining One
  6175 | D:10     | Reached skill level 10 in Shields
  6211 | D:10     | Reached XP level 11. HP: 63/63 MP: 11/11
  6261 | D:10     | Noticed Gastronok
  6279 | D:10     | Killed Gastronok
  6340 | D:10     | Noticed Maurice
  6341 | D:10     | Found a runed translucent door.
  6352 | D:10     | Killed Maurice
  6359 | D:10     | Found a basalt altar of Yredelemnul.
  6570 | D:10     | Noticed Snorg
  6586 | D:10     | Killed Snorg
  6871 | D:11     | Found a flagged portal.
  6873 | D:11     | Noticed a two-headed ogre
  6889 | D:11     | Killed a two-headed ogre
  7035 | D:11     | Identified the +2 scale mail "Pais Ycoija" {Str+7} (You
                  | found it on level 7 of the Dungeon)
  7177 | D:11     | Reached **** piety under the Shining One
  7218 | D:11     | Noticed an unseen horror
  7225 | D:11     | Killed an unseen horror
  7259 | Bailey   | Entered a bailey
  7260 | Bailey   | Noticed an orc knight
  7269 | Bailey   | Reached XP level 12. HP: 63/68 MP: 12/12
  7710 | D:11     | Noticed a death yak
  7713 | D:11     | Noticed a death yak
  7720 | D:11     | Noticed a death yak
  7732 | D:11     | Killed a death yak
  7752 | D:10     | Killed a death yak
  7988 | D:11     | Killed a death yak
  7988 | D:11     | Reached skill level 15 in Shields
  8054 | D:11     | Found a staircase to the Lair.
  8358 | Lair:1   | Entered Level 1 of the Lair of Beasts
  9379 | Lair:2   | Found a hole to the Spider Nest.
  9413 | Lair:2   | Found a staircase to the Swamp.
  9430 | Lair:2   | Reached skill level 10 in Fighting
  9551 | Lair:2   | Reached XP level 13. HP: 70/83 MP: 13/13
 11952 | Lair:5   | Reached ***** piety under the Shining One
 12436 | Lair:5   | Found a runed translucent door.
 12437 | Lair:5   | Noticed RatmanManrat's ghost (journeyman MiBe)
 12462 | Lair:5   | Killed RatmanManrat's ghost
 13491 | Lair:6   | Entered Level 6 of the Lair of Beasts
 13517 | Lair:6   | Found a viscous altar of Jiyva.
 13517 | Lair:6   | Found a staircase to the Slime Pits.
 13623 | Lair:6   | Reached skill level 15 in Fighting
 13623 | Lair:6   | Gained mutation: Your large and strong wings let you fly
                  | indefinitely. [Gargoyle growth]
 13623 | Lair:6   | Reached XP level 14. HP: 98/98 MP: 14/14
 13659 | Lair:5   | Reached skill level 5 in Armour
 13909 | Lair:6   | Identified the +8 quarterstaff of Cheibriados {crush,
                  | Stlth+} (You found it on level 9 of the Dungeon)
 13974 | Lair:6   | Noticed Kirke
 13992 | Lair:6   | Killed Kirke
 14508 | Lair:6   | Noticed a dire elephant
 14530 | Lair:6   | Killed a dire elephant
 14530 | Lair:6   | Reached skill level 10 in Armour
 14970 | Lair:6   | Found a runed translucent door.
 15069 | Lair:6   | Reached ****** piety under the Shining One
 15497 | Lair:6   | Reached XP level 15. HP: 88/103 MP: 15/15
 15749 | Swamp:1  | Entered Level 1 of the Swamp
 15952 | Swamp:1  | Slain by an alligator

Skill      XL: |  1  2  3  4  5  6  7  8  9 10 11 12 13 14 |
---------------+-------------------------------------------+-----
Fighting       | 4 5 10 15 | 15.0
Long Blades    | 2 3 4 6 7 9 12 | 12.0
Shields        | 10 14 15 | 15.0
Armour         | 12 | 12.9

Action                   |  1- 3 |  4- 6 |  7- 9 | 10-12 | 13-15 || total
-------------------------+-------+-------+-------+-------+-------++-------
Melee: Long sword        |    74 |       |       |       |       ||    74
       Dagger            |    40 |   321 |       |       |       ||   361
       Double sword      |       |    40 |   226 |   433 |   629 ||  1328
Invok: Divine Shield     |       |       |       |     2 |     4 ||     6
Evoke: Wand              |       |       |       |       |     6 ||     6
  Use: Scroll            |       |    11 |     9 |    13 |    12 ||    45
       Potion            |       |       |     3 |     6 |     4 ||    13
  Eat: Chunk             |       |     6 |     9 |     8 |    18 ||    41
       Ration            |       |       |       |     2 |     1 ||     3
Armor: Scale mail        |    60 |   138 |    92 |    96 |   443 ||   829
       Troll leather arm |       |       |    35 |    85 |       ||   120
Dodge: Dodged            |    31 |    78 |    88 |   134 |   268 ||   599
       Deflected         |       |       |       |       |     2 ||     2
Block: Shield            |    62 |   133 |   151 |   405 |   661 ||  1412
       Rpst.: Long sword |     5 |       |       |       |       ||     5
       Double sword      |       |     3 |    29 |    36 |    60 ||   128
